 Dungeon Crawl Stone Soup version 0.30-b1-2-g02819fbbbe (webtiles) character file.

Game seed: 3968367656818626926

9 Alarkh the Grave Robber (level 2, 19/19 HPs)
             Began as a Demonspawn Necromancer on July 7, 2023.
             Got out of the dungeon alive.
             The game lasted 00:00:26 (223 turns).

Alarkh the Grave Robber (Demonspawn Necromancer)     Turns: 223, Time: 00:00:27

Health: 19/19      AC:  2    Str:  8    XL:     2   Next: 6%
Magic:  4/5        EV: 12    Int: 16    God:
Gold:   9          SH:  0    Dex: 13    Spells: 4/5 levels left

rFire   . . .        (no weapon)
rCold   . . .        (no shield)
rNeg    . . .        a - +0 robe
rPois   .            (helmet restricted)
rElec   .            (no cloak)
rCorr   .            (no gloves)
SInv    .            (no boots)
Will    .....        (no amulet)
Stlth   ++           (no ring)
HPRegen 0.23/turn    (no ring)
MPRegen 0.09/turn

%: no passive effects
@: no status effects
A: horns 1
a: no special abilities


You escaped.
You visited 1 branch of the dungeon, and saw 1 of its levels.

You collected 9 gold pieces.

Inventory:

Armour
 a - a +0 robe (worn)
Scrolls
 d - a scroll of fear {unknown}
Potions
 b - a potion of magic
 c - a potion of haste {unknown}


   Skills:
 - Level 1.7 Dodging
 - Level 1.7 Stealth
 + Level 2.2 Spellcasting
 * Level 4.8 Necromancy


You had 4 spell levels left.
You knew the following spells:

 Your Spells              Type           Power      Damage    Failure   Level
a - Necrotise             Necr           68%        1d7       2%          1

Your spell library contained the following spells:

 Spells                   Type           Power      Damage    Failure   Level
 Vampiric Draining        Necr           17%        2d7       9%          3
 Animate Dead             Necr           17%        N/A       28%         4
 Agony                    Necr           17%        N/A       61%         5


Dungeon Overview and Level Annotations

Branches:
Dungeon (1/15)

Altars:


Innate Abilities, Weirdness & Mutations

You have a pair of small horns on your head.


Message History

Aiming: Necrotise (safe; 3% risk of failure)
Press: ? - help, Shift-Dir - straight line, f/p - kobold
Aim: a kobold, wielding a +0 whip and quivering stones (severely wounded, constricted by your ball python skeleton, ally target, chance to affect: 86%)
You miscast Necrotise.
You are very lightly contaminated with residual magic.
Nothing appears to happen.
The ball python barely misses you. The ball python constricts you.
The kobold hits you but does no damage.
Your ball python skeleton bites the endoplasm.
Your ball python skeleton constricts the kobold.
The endoplasm hits your ball python skeleton.
You hit the kobold but do no damage.
The kobold is severely wounded.
Your rat skeleton bites the kobold but does no damage.
The ball python bites you but does no damage.
The ball python constricts you.
The kobold hits your rat skeleton with a +0 whip.
The endoplasm hits your ball python skeleton.
Your ball python skeleton bites the endoplasm.
The endoplasm dies!
Your ball python skeleton constricts the kobold.
The kobold dies!
You have reached level 2!
Your demonic ancestry asserts itself...
A pair of horns grows on your head!
You hit the ball python.
The ball python is severely wounded.
The ball python bites you. The ball python constricts you.
Your rat skeleton bites the ball python.
The ball python dies!
You see here a ball python corpse.
You swap places.
Your magical contamination has completely faded away.
Your rat skeleton crumbles into dust!
Your ball python skeleton crumbles into dust!
There is an open door here.
You open the door.
There is an open door here.
There is a staircase leading out of the dungeon here.
Are you sure you want to leave the Dungeon?
This will make you lose the game!
You have escaped!

###############
##.............##
#..#####'#####..#
##.#####...#####.#
#..###.......###.##
#...#.........#...#
#...+....@....+...#
#...#.........#...#
##.###.......###.##
#'#####...#####'#
###...####'###....###
##.......##.##.......##
#.........#.#.........#
###
#.........'.'.........#
..#
#.........#.#.........#


There were no monsters in sight!

Vanquished Creatures
  A dart slug (D:1)
  A ball python (D:1)
  2 bats (D:1)
  A rat (D:1)
5 creatures vanquished.

Vanquished Creatures (collateral kills)
  An endoplasm (D:1)
  A ball python (D:1)
  A kobold (D:1)
3 creatures vanquished.

Grand Total: 8 creatures vanquished

Notes
Turn   | Place    | Note
-------+----------+-------------------------------------------
     0 | D:1      | Alarkh the Demonspawn Necromancer began the quest for the
                  | Orb.
     0 | D:1      | Reached XP level 1. HP: 13/13 MP: 3/3
   172 | D:1      | Gained mutation: You have a pair of small horns on your
                  | head. [demonic ancestry]
   172 | D:1      | Reached XP level 2. HP: 18/19 MP: 0/5
   223 | D:$      | Got out of the dungeon alive.

Illustrated notes

Levels and vault maps discovered:
D:1:      dpeg_arrival_three_smaller_balls, layout_basic, serial_shops, shop,
          roderic_serpentine_path

Action                     || total
---------------------------++-------
  Melee: Unarmed           ||     5
   Cast: Necrotise         ||     8
 Armour: Robe              ||     5
  Dodge: Dodged            ||     4
